| 
	| TOP OF THE 1ST | 
|---|
 
		| Wisconsin Timber Rattlers batting - Pitching for Peoria Chiefs : LHP Nigel Turner |  
		| Pitching: LHP Nigel Turner |  |  
		| Batting: RHB Chris Maul | 0-0: Ball 1-0: Foul Ball, location: 2F
 1-1:  Fly out, F8  (Flyball, 89D, EV 90.6 MPH)
 |  
		| Batting: SHB Robert Sayer | 0-0: Ball 1-0: Ball
 2-0: Ball
 3-0: Base on Balls
 |  
		| Batting: SHB Justin Hensley | 0-0: Foul Ball, location: 2F 0-1: Fielders Choice at 2nd, 5-4 (Groundball, 56S, EV 82.5 MPH)
 |  
		| Batting: RHB Alfredo Sena | 0-0: Ball 1-0: Ground out 1-3 (Groundball, 15S, EV 67.5 MPH)
 |  
		| Top of the 1st over - 0 runs, 0 hits, 0 errors, 1 left on base; Wisconsin 0 - Peoria 0 |  
	| BOTTOM OF THE 1ST | 
|---|
 
		| Peoria Chiefs batting - Pitching for Wisconsin Timber Rattlers : RHP Elijah Seabrooks |  
		| Pitching: RHP Elijah Seabrooks |  |  
		| Batting: LHB Tsutomu Miyahara | 0-0: Ball 1-0:  Fly out, F7  (Flyball, 7LM, EV 81.9 MPH)
 |  
		| Batting: RHB Tommy Tracy | 0-0: Ball 1-0: Swinging Strike
 1-1: Ground out 5-3 (Groundball, 56, EV 94.4 MPH)
 |  
		| Batting: SHB Gerardo Macias | 0-0: Called Strike 0-1: Ball
 1-1: Ball
 2-1: Foul Ball, location: 2F
 2-2: Foul Ball, location: 2F
 2-2:  Fly out, F5  (Popup, 5SF, EV 68.1 MPH)
 |  
		| Bottom of the 1st over - 0 runs, 0 hits, 0 errors, 0 left on base; Wisconsin 0 - Peoria 0 |  
	| TOP OF THE 2ND | 
|---|
 
		| Wisconsin Timber Rattlers batting - Pitching for Peoria Chiefs : LHP Nigel Turner |  
		| Batting: RHB Dan Allred | 0-0: Ball 1-0: Foul Ball, location: 2F
 1-1: Ball
 2-1: Swinging Strike
 2-2: Ball
 3-2: SINGLE  (Groundball, 6D, EV 101.9 MPH)
 |  
		| Batting: LHB Mark Backstrom | 0-0: Ball 1-0: Ball
 2-0:  2-RUN HOME RUN  (Flyball, 89XD, EV 104.4 MPH), Distance : 390 ft
 |  
		| Batting: LHB Tyler Francis | 0-0: Swinging Strike 0-1: DOUBLE  (Flyball, 78XD, EV 105.0 MPH)
 |  
		| Batting: RHB Chris Fruit | 0-0: Ball 1-0: Ball
 2-0:  Fly out, F8  (Flyball, 8RM, EV 81.9 MPH)
 |  
		| Batting: RHB Jonathan Sarles | 0-0: Ground out 4-3 (Groundball, 4M, EV 85.6 MPH) Tyler Francis to third
 |  
		| Batting: RHB Chris Maul | 0-0: Called Strike 0-1: Swinging Strike
 0-2: Ball
 1-2: Ground out 4-3 (Groundball, 4, EV 83.8 MPH)
 |  
		| Top of the 2nd over - 2 runs, 3 hits, 0 errors, 1 left on base; Wisconsin 2 - Peoria 0 |  
	| BOTTOM OF THE 2ND | 
|---|
 
		| Peoria Chiefs batting - Pitching for Wisconsin Timber Rattlers : RHP Elijah Seabrooks |  
		| Batting: LHB Dana McDonald | 0-0: Ball 1-0: SINGLE  (Groundball, 56S, EV 66.2 MPH) (infield hit)
 |  
		| Batting: RHB Jonathan Davis | 0-0: Ball 1-0: Ball
 Dana McDonald steals 2nd base
 2-0:  Fly out, F2  (Popup, 15S, EV 87.5 MPH)
 |  
		| Batting: RHB Kalidas Mishra | 0-0: Foul Ball, location: 2F 0-1: Ball
 1-1: Ball
 2-1: Ball
 3-1:  Fly out, F9  (Line Drive, 9S, EV 100.0 MPH)
 |  
		| Batting: RHB Robby Hickman | 0-0: Ball 1-0: Swinging Strike
 1-1: Ball
 2-1: Ball
 3-1:  Fly out, F8  (Flyball, 8LM, EV 98.1 MPH)
 |  
		| Bottom of the 2nd over - 0 runs, 1 hit, 0 errors, 1 left on base; Wisconsin 2 - Peoria 0 |  
	| TOP OF THE 3RD | 
|---|
 
		| Wisconsin Timber Rattlers batting - Pitching for Peoria Chiefs : LHP Nigel Turner |  
		| Batting: SHB Robert Sayer | 0-0: Ground out 4-3 (Groundball, 4S, EV 90.0 MPH) |  
		| Batting: SHB Justin Hensley | 0-0: Foul Ball, location: 2F 0-1: SINGLE  (Groundball, 5S, EV 62.5 MPH) (infield hit)
 |  
		| Batting: RHB Alfredo Sena | 0-0: Ball 1-0: Called Strike
 1-1: Called Strike
 1-2: Ball
 2-2: Ball
 3-2: Strikes out swinging
 |  
		| Batting: RHB Dan Allred | 0-0:  Fly out, F9  (Line Drive, 9, EV 89.4 MPH) |  
		| Top of the 3rd over - 0 runs, 1 hit, 0 errors, 1 left on base; Wisconsin 2 - Peoria 0 |  
	| BOTTOM OF THE 3RD | 
|---|
 
		| Peoria Chiefs batting - Pitching for Wisconsin Timber Rattlers : RHP Elijah Seabrooks |  
		| Batting: RHB Josh Broome | 0-0: Ball 1-0: Ball
 2-0: Foul Ball, location: 2F
 2-1: Ball
 3-1: Called Strike
 3-2:  Fly out, F7  (Flyball, 7D, EV 83.1 MPH)
 |  
		| Batting: RHB Edgar Landim | 0-0: Called Strike 0-1: Ball
 1-1: Called Strike
 1-2: Strikes out swinging
 |  
		| Batting: LHB Tsutomu Miyahara | 0-0: Ball 1-0: Called Strike
 1-1: Ball
 2-1: Ball
 3-1: Foul Ball, location: 2F
 3-2: Foul Ball, location: 2F
 3-2: Foul Ball, location: 2F
 3-2: Ground out 4-3 (Groundball, 4, EV 86.2 MPH)
 |  
		| Bottom of the 3rd over - 0 runs, 0 hits, 0 errors, 0 left on base; Wisconsin 2 - Peoria 0 |  
	| TOP OF THE 4TH | 
|---|
 
		| Wisconsin Timber Rattlers batting - Pitching for Peoria Chiefs : LHP Nigel Turner |  
		| Batting: LHB Mark Backstrom | 0-0: Ball 1-0: Ground out U3 (Groundball, 3, EV 99.4 MPH)
 |  
		| Batting: LHB Tyler Francis | 0-0: Ball 1-0:  Fly out, F7  (Flyball, 7, EV 79.4 MPH)
 |  
		| Batting: RHB Chris Fruit | 0-0:  Fly out, F9  (Flyball, 9D, EV 102.5 MPH) |  
		| Top of the 4th over - 0 runs, 0 hits, 0 errors, 0 left on base; Wisconsin 2 - Peoria 0 |  
	| BOTTOM OF THE 4TH | 
|---|
 
		| Peoria Chiefs batting - Pitching for Wisconsin Timber Rattlers : RHP Elijah Seabrooks |  
		| Batting: RHB Tommy Tracy | 0-0: Called Strike 0-1: Ball
 1-1: Ball
 2-1:  Fly out, F8  (Flyball, 8LM, EV 81.9 MPH)
 |  
		| Batting: SHB Gerardo Macias | 0-0: Ball 1-0: Foul Ball, location: 2F
 1-1: Foul Ball, location: 2F
 1-2: Foul Ball, location: 2F
 1-2:  SOLO HOME RUN  (Flyball, 9D, EV 101.2 MPH), Distance : 373 ft
 |  
		| Batting: LHB Dana McDonald | 0-0: Ball 1-0: Ball
 2-0: Called Strike
 2-1:  Fly out, F7  (Flyball, 7D, EV 83.1 MPH)
 |  
		| Batting: RHB Jonathan Davis | 0-0: Ball 1-0: Ball
 2-0: Ground out U3 (Groundball, 34, EV 76.2 MPH)
 |  
		| Bottom of the 4th over - 1 run, 1 hit, 0 errors, 0 left on base; Wisconsin 2 - Peoria 1 |  
	| TOP OF THE 5TH | 
|---|
 
		| Wisconsin Timber Rattlers batting - Pitching for Peoria Chiefs : LHP Nigel Turner |  
		| Batting: RHB Jonathan Sarles | 0-0: Ball 1-0: Ball
 2-0: Swinging Strike
 2-1: Ball
 3-1: Foul Ball, location: 2F
 3-2: Strikes out swinging
 |  
		| Batting: RHB Chris Maul | 0-0: Ground out 5-3 (Groundball, 5S, EV 75.0 MPH) |  
		| Batting: SHB Robert Sayer | 0-0: Ball 1-0: Ground out 3-1 (Groundball, 34S, EV 85.0 MPH)
 |  
		| Top of the 5th over - 0 runs, 0 hits, 0 errors, 0 left on base; Wisconsin 2 - Peoria 1 |  
	| BOTTOM OF THE 5TH | 
|---|
 
		| Peoria Chiefs batting - Pitching for Wisconsin Timber Rattlers : RHP Elijah Seabrooks |  
		| Batting: RHB Kalidas Mishra | 0-0: Foul Ball, location: 2F 0-1: Ball
 1-1: Ball
 2-1: Ball
 3-1: TRIPLE  (Line Drive, 7D, EV 105.6 MPH)
 |  
		| Batting: RHB Robby Hickman | 0-0: Ball 1-0: Called Strike
 1-1: Foul Ball, location: 2F
 1-2: Ball
 2-2: Strikes out swinging
 |  
		| Batting: RHB Josh Broome | 0-0: Swinging Strike 0-1: Ball
 1-1: DOUBLE  (Line Drive, 89D, EV 107.5 MPH)
 Kalidas Mishra scores
 |  
		| Batting: RHB Edgar Landim | 0-0: Ball 1-0: Swinging Strike
 1-1: Ball
 2-1: Foul Ball, location: 2F
 2-2: Foul Ball, location: 2F
 2-2: Ball
 3-2: Foul Ball, location: 2F
 3-2: Strikes out looking
 |  
		| Batting: LHB Tsutomu Miyahara | 0-0: Ball 1-0:  Fly out, F8  (Line Drive, 8RM, EV 89.4 MPH)
 |  
		| Bottom of the 5th over - 1 run, 2 hits, 0 errors, 1 left on base; Wisconsin 2 - Peoria 2 |  
	| TOP OF THE 6TH | 
|---|
 
		| Wisconsin Timber Rattlers batting - Pitching for Peoria Chiefs : LHP Nigel Turner |  
		| Batting: SHB Justin Hensley | 0-0: Ground out 5-3 (Groundball, 56, EV 110.6 MPH) |  
		| Batting: RHB Alfredo Sena | 0-0: Called Strike 0-1: Ball
 1-1: Ground out 6-3 (Groundball, 6, EV 86.2 MPH)
 |  
		| Batting: RHB Dan Allred | 0-0: Ground out U3 (Groundball, 3S, EV 69.4 MPH) |  
		| Top of the 6th over - 0 runs, 0 hits, 0 errors, 0 left on base; Wisconsin 2 - Peoria 2 |  
	| BOTTOM OF THE 6TH | 
|---|
 
		| Peoria Chiefs batting - Pitching for Wisconsin Timber Rattlers : RHP Elijah Seabrooks |  
		| Batting: RHB Tommy Tracy | 0-0: Ball 1-0: Foul Ball, location: 2F
 1-1: Ball
 2-1: SINGLE  (Groundball, 5D, EV 94.4 MPH)
 |  
		| Batting: SHB Gerardo Macias | 0-0: Ball Tommy Tracy steals 2nd base
 1-0: Ball
 2-0: Ball
 3-0: Called Strike
 3-1: Called Strike
 3-2: Foul Ball, location: 2F
 3-2: Strikes out swinging
 |  
		| Batting: LHB Dana McDonald | 0-0: Ball 1-0: Ball
 2-0: Ball
 3-0: Called Strike
 3-1: Swinging Strike
 3-2: Base on Balls
 |  
		| Pitching: RHP Bobby Savoy |  |  
		| Batting: RHB Jonathan Davis | 0-0: Grounds into double play, 6-4-3 (Groundball, 6S, EV 85.0 MPH) |  
		| Bottom of the 6th over - 0 runs, 1 hit, 0 errors, 1 left on base; Wisconsin 2 - Peoria 2 |  
	| TOP OF THE 7TH | 
|---|
 
		| Wisconsin Timber Rattlers batting - Pitching for Peoria Chiefs : LHP Nigel Turner |  
		| Batting: LHB Mark Backstrom | 0-0: Ball 1-0: Ball
 2-0: Ground out 4-3 (Groundball, 34D, EV 106.9 MPH)
 |  
		| Batting: LHB Tyler Francis | 0-0: Called Strike 0-1: Ball
 1-1: DOUBLE  (Line Drive, 3D, EV 93.8 MPH)
 |  
		| Batting: RHB Chris Fruit | 0-0: Called Strike 0-1: Ball
 1-1: Ball
 2-1: Ball
 3-1:  2-RUN HOME RUN  (Flyball, 7LD, EV 92.5 MPH), Distance : 346 ft
 |  
		| Batting: RHB Jonathan Sarles | 0-0: Called Strike 0-1: Swinging Strike
 0-2: Strikes out swinging
 |  
		| Batting: RHB Chris Maul | 0-0: Called Strike 0-1: Ground out 6-3 (Groundball, 6, EV 101.2 MPH)
 |  
		| Top of the 7th over - 2 runs, 2 hits, 0 errors, 0 left on base; Wisconsin 4 - Peoria 2 |  
	| BOTTOM OF THE 7TH | 
|---|
 
		| Peoria Chiefs batting - Pitching for Wisconsin Timber Rattlers : RHP Bobby Savoy |  
		| Batting: RHB Kalidas Mishra | 0-0: Called Strike 0-1: Foul Ball, location: 2F
 0-2: Ball
 1-2: Ground out 6-3 (Groundball, 6, EV 89.4 MPH)
 |  
		| Batting: RHB Robby Hickman | 0-0: Ball 1-0: Foul Ball, location: 2F
 1-1: Called Strike
 1-2: SINGLE  (Groundball, 6S, EV 69.4 MPH) (infield hit)
 |  
		| Batting: RHB Josh Broome | 0-0: Fielders Choice at 2nd, 5-4 (Groundball, 5, EV 83.8 MPH) |  
		| Batting: RHB Edgar Landim | 0-0: Ball Passed Ball!
 Josh Broome to second
 1-0: Ball
 2-0: Foul Ball, location: 2F
 2-1: Swinging Strike
 2-2: Strikes out looking
 |  
		| Bottom of the 7th over - 0 runs, 1 hit, 0 errors, 1 left on base; Wisconsin 4 - Peoria 2 |  
	| TOP OF THE 8TH | 
|---|
 
		| Wisconsin Timber Rattlers batting - Pitching for Peoria Chiefs : LHP Nigel Turner |  
		| Batting: SHB Robert Sayer | 0-0:  Fly out, F4  (Popup, 4M, EV 56.2 MPH) |  
		| Batting: SHB Justin Hensley | 0-0: Ball 1-0: Ball
 2-0: Called Strike
 2-1: Foul Ball, location: 2F
 2-2: Ball
 3-2: SINGLE  (Groundball, 6M, EV 102.5 MPH) (infield hit)
 |  
		| Batting: RHB Alfredo Sena | 0-0: Ball 1-0: Foul Ball, location: 2F
 1-1: Foul Ball, location: 2F
 1-2:  Fly out, F5  (Flyball, 5D, EV 89.4 MPH)
 |  
		| Batting: RHB Dan Allred | 0-0: Ball 1-0: Called Strike
 1-1: Ground out 4-3 (Groundball, 4, EV 102.5 MPH)
 |  
		| Top of the 8th over - 0 runs, 1 hit, 0 errors, 1 left on base; Wisconsin 4 - Peoria 2 |  
	| BOTTOM OF THE 8TH | 
|---|
 
		| Peoria Chiefs batting - Pitching for Wisconsin Timber Rattlers : RHP Bobby Savoy |  
		| Batting: LHB Tsutomu Miyahara | 0-0: Called Strike 0-1: Ball
 1-1: Ball
 2-1: Ball
 3-1: Foul Ball, location: 2F
 3-2: Foul Ball, location: 2F
 3-2: Strikes out swinging
 |  
		| Batting: RHB Tommy Tracy | 0-0: Ball 1-0:  SOLO HOME RUN  (Flyball, 7D, EV 98.8 MPH), Distance : 357 ft
 |  
		| Batting: SHB Gerardo Macias | 0-0:  Fly out, F8  (Flyball, 8LM, EV 77.5 MPH) |  
		| Batting: LHB Dana McDonald | 0-0: Called Strike 0-1: Ground out 4-3 (Groundball, 34, EV 93.8 MPH)
 |  
		| Bottom of the 8th over - 1 run, 1 hit, 0 errors, 0 left on base; Wisconsin 4 - Peoria 3 |  
	| TOP OF THE 9TH | 
|---|
 
		| Wisconsin Timber Rattlers batting - Pitching for Peoria Chiefs : LHP Nigel Turner |  
		| Pitching: LHP John Grinter |  |  
		| Batting: LHB Mark Backstrom | 0-0: Ball 1-0: Ball
 2-0: Ball
 3-0: Base on Balls
 |  
		| Batting: LHB Tyler Francis | 0-0: Called Strike 0-1: Fielders Choice at 2nd, 4-6 (Groundball, 4, EV 85.6 MPH)
 |  
		| Batting: RHB Chris Fruit | 0-0: Ball 1-0: Foul Ball, location: 2F
 1-1: Called Strike
 1-2: Ball
 2-2: Strikes out swinging
 |  
		| Batting: RHB Jonathan Sarles | 0-0: Ground out 4-3 (Groundball, 34, EV 101.2 MPH) |  
		| Top of the 9th over - 0 runs, 0 hits, 0 errors, 1 left on base; Wisconsin 4 - Peoria 3 |  
	| BOTTOM OF THE 9TH | 
|---|
 
		| Peoria Chiefs batting - Pitching for Wisconsin Timber Rattlers : RHP Bobby Savoy |  
		| Pitching: RHP Johnathan Starr |  |  
		| Now at 1B: Ryan Miller |  |  
		| Batting: RHB Jonathan Davis | 0-0: Foul Ball, location: 2F 0-1: Called Strike
 0-2: Ball
 1-2: Ball
 2-2: Foul Ball, location: 2F
 2-2: SINGLE  (Groundball, 4MD, EV 109.4 MPH)
 |  
		| Batting: RHB Kalidas Mishra | 0-0: Bunted foul 0-1: Bunted foul
 0-2: Foul Ball, location: 2F
 0-2: Foul Ball, location: 2F
 0-2: Ball
 1-2: Ball
 2-2: Ground out 5-3 (Groundball, 25, EV 80.0 MPH)
 Jonathan Davis to second
 |  
		| Batting: RHB Robby Hickman | 0-0: Ball 1-0: Ball
 2-0: Called Strike
 2-1: Foul Ball, location: 2F
 2-2: Strikes out looking
 |  
		| Batting: RHB Josh Broome | 0-0: Called Strike 0-1: DOUBLE  (Line Drive, 89D, EV 112.5 MPH)
 Jonathan Davis scores
 |  
		| Batting: RHB Edgar Landim | 0-0: Foul Ball, location: 2F 0-1: Called Strike
 0-2: Ball
 1-2: Foul Ball, location: 2F
 1-2: Ball
 2-2: Strikes out swinging
 |  
		| Bottom of the 9th over - 1 run, 2 hits, 0 errors, 1 left on base; Wisconsin 4 - Peoria 4 |  
	| TOP OF THE 10TH | 
|---|
 
		| Wisconsin Timber Rattlers batting - Pitching for Peoria Chiefs : LHP John Grinter |  
		| Batting: RHB Ryan Miller | 0-0: Foul Ball, location: 2F 0-1: Reached via error on a dropped throw from 1B, E1 (Groundball, 34, EV 85.0 MPH)
 |  
		| Batting: SHB Robert Sayer | 0-0: Sac Bunt to 15 - play at first, batter OUT! 1-3 Ryan Miller to second
 |  
		| Batting: SHB Justin Hensley | 0-0: Swinging Strike 0-1: Swinging Strike
 0-2: Strikes out swinging
 |  
		| Batting: RHB Alfredo Sena | 0-0: SINGLE  (Groundball, 6MD, EV 96.2 MPH) Ryan Miller to third
 Runner from 3rd tries for Home, SAFE, throw by CF to home
 |  
		| Batting: RHB Dan Allred | 0-0: Ball 1-0:  Fly out, F9  (Flyball, 9, EV 84.4 MPH)
 |  
		| Top of the 10th over - 1 run, 1 hit, 1 error, 1 left on base; Wisconsin 5 - Peoria 4 |  
	| BOTTOM OF THE 10TH | 
|---|
 
		| Peoria Chiefs batting - Pitching for Wisconsin Timber Rattlers : RHP Johnathan Starr |  
		| Batting: LHB Tsutomu Miyahara | 0-0: DOUBLE  (Line Drive, 9LS, EV 105.6 MPH) |  
		| Batting: RHB Tommy Tracy | 0-0: Ball 1-0: Swinging Strike
 1-1: Ball
 2-1: Foul Ball, location: 2F
 2-2: Strikes out looking
 |  
		| Batting: SHB Gerardo Macias | 0-0: Called Strike 0-1: Ball
 1-1: DOUBLE  (Flyball, 89D, EV 107.5 MPH)
 Tsutomu Miyahara scores
 |  
		| Batting: LHB Dana McDonald | 0-0: Intentional Walk |  
		| Batting: RHB Jonathan Davis | 0-0: Called Strike 0-1: Ball
 1-1: Foul Ball, location: 2F
 1-2: Strikes out swinging
 |  
		| Batting: RHB Kalidas Mishra | 0-0: Ball 1-0: Swinging Strike
 1-1: Called Strike
 1-2: Foul Ball, location: 2F
 1-2: Strikes out swinging
 |  
		| Bottom of the 10th over - 1 run, 2 hits, 0 errors, 2 left on base; Wisconsin 5 - Peoria 5 |  
	| TOP OF THE 11TH | 
|---|
 
		| Wisconsin Timber Rattlers batting - Pitching for Peoria Chiefs : LHP John Grinter |  
		| Batting: LHB Mark Backstrom | 0-0: Called Strike 0-1: Called Strike
 0-2: Ball
 1-2: DOUBLE  (Flyball, 8RXD, EV 100.6 MPH)
 |  
		| Batting: LHB Tyler Francis | 0-0: Ball 1-0: Ball
 2-0: Called Strike
 2-1: Foul Ball, location: 2F
 2-2: Strikes out swinging
 |  
		| Batting: RHB Chris Fruit | 0-0: Ground out 5-3 (Groundball, 56, EV 86.2 MPH) |  
		| Batting: RHB Jonathan Sarles | 0-0: Ball 1-0: Ball
 2-0: Called Strike
 2-1: SINGLE  (Groundball, 4M, EV 100.6 MPH) (infield hit)
 Mark Backstrom to third
 |  
		| Batting: RHB Ryan Miller | 0-0: Called Strike 0-1: Foul Ball, location: 2F
 0-2: Ball
 1-2: TRIPLE  (Line Drive, 9LD, EV 105.0 MPH)
 Mark Backstrom scores
 Jonathan Sarles scores
 |  
		| Batting: SHB Robert Sayer | 0-0: Ground out 5-3 (Groundball, 56, EV 88.1 MPH) |  
		| Top of the 11th over - 2 runs, 3 hits, 0 errors, 1 left on base; Wisconsin 7 - Peoria 5 |  
	| BOTTOM OF THE 11TH | 
|---|
 
		| Peoria Chiefs batting - Pitching for Wisconsin Timber Rattlers : RHP Johnathan Starr |  
		| Pitching: RHP Sal Contreras |  |  
		| Batting: RHB Robby Hickman | 0-0: Foul Ball, location: 2F 0-1: Called Strike
 0-2: Ball
 1-2: SINGLE  (Flyball, 8LS, EV 89.4 MPH)
 |  
		| Pinch Hitting: SHB Jorge Brito | 0-0: Ball 1-0: Ball
 2-0: Called Strike
 2-1: Ball
 3-1: Foul Ball, location: 2F
 3-2: Strikes out swinging
 |  
		| Pinch Hitting: LHB Dwain Ashford | 0-0: Ball 1-0: Ball
 2-0: Called Strike
 2-1: Called Strike
 Balk!
 Robby Hickman to second
 2-2: Strikes out looking
 |  
		| Batting: LHB Tsutomu Miyahara | 0-0: Called Strike 0-1: Ball
 1-1: Swinging Strike
 1-2: Ball
 2-2: Foul Ball, location: 2F
 2-2: Ball
 3-2: Base on Balls
 |  
		| Batting: RHB Tommy Tracy | 0-0: Foul Ball, location: 2F 0-1: Swinging Strike
 0-2: Ball
 1-2: Ball
 2-2: Fielders Choice at 2nd, 6-4 (Groundball, 6, EV 84.4 MPH)
 |  
		| Bottom of the 11th over - 0 runs, 1 hit, 0 errors, 2 left on base; Wisconsin 7 - Peoria 5 |  |